 Dungeon Crawl Stone Soup version 0.28.0-45-g0d030f2227 (webtiles) character file.

Game seed: 10746429431652840284

44 Fartwhistle the Changer (level 3, 0/31 HPs)
             Began as a Naga Transmuter on Apr 15, 2022.
             Slain by an adder (2 damage)
             ... on level 2 of the Dungeon.
             The game lasted 00:03:53 (1705 turns).

Fartwhistle the Changer (Naga Transmuter)           Turns: 1705, Time: 00:03:53

Health: 0/31       AC:  2    Str: 12    XL:     3   Next: 60%
Magic:  4/6        EV:  9    Int: 15    God:
Gold:   77         SH:  0    Dex: 11    Spells: 3/7 levels left

rFire   . . .      SeeInvis +     - Unarmed
rCold   . . .      Faith    .   (no shield)
rNeg    . . .      Spirit   .   a - +0 robe
rPois   +          Reflect  .   (helmet currently unavailable)
rElec   .          Harm     .   (no cloak)
rCorr   .          Rampage  .   (no gloves)
Will    .....                   (no barding)
Stlth   +.........              (no amulet)
HPRegen 0.10/turn               (no ring)
MPRegen 0.10/turn               (no ring)

@: brilliant, short of breath, appendages, very slow
A: horns 2, AC +1, large, see invisible, deformed body, poison resistance,
slowness 2, spit poison 1, naga tail 1
a: Spit Poison, End Transformation


You were on level 2 of the Dungeon.
You had temporarily grown beastly horns.
You visited 1 branch of the dungeon, and saw 2 of its levels.

You collected 77 gold pieces.

Inventory:

Armour
 a - a +0 robe (worn)
Scrolls
 b - a scroll of enchant weapon {unknown}
 c - 2 scrolls of identify {unknown}
 d - a scroll of teleportation {unknown}
 e - a scroll of summoning {unknown}


   Skills:
 - Level 1.0 Fighting
 - Level 1.5 Dodging
 - Level 3.0 Unarmed Combat
 + Level 2.5 Spellcasting
 * Level 3.3 Transmutations
 + Level 0.5 Poison Magic


You had 3 spell levels left.
You knew the following spells:

 Your Spells              Type           Power      Damage    Failure   Level
a - Beastly Appendage     Tmut           34%        N/A       5%          1
b - Spider Form           Tmut/Pois      11%        N/A       28%         3

Your spell library contained the following spells:

 Spells                   Type           Power      Damage    Failure   Level
 Wereblood                Tmut           17%        N/A       9%          2
 Tukima's Dance           Hex            2%         N/A       54%         3
 Ice Form                 Ice/Tmut       10%        N/A       71%         4
 Passage of Golubria      Tloc           2%         N/A       91%         4
 Yara's Violent Unravell  Hex/Tmut       5%         3d4       96%         5


Dungeon Overview and Level Annotations

Branches:
Dungeon (2/15)

Altars:


Innate Abilities, Weirdness & Mutations

You have temporarily grown beastly horns.
Your serpentine skin is tough. (AC +1)
You have supernaturally acute eyesight. (SInv)
Armour fits poorly on your strangely shaped body.
Your system is resistant to poisons. (rPois)
You cover ground very slowly.
You can spit poison.
You have a snake-like lower body.


Message History

You hit the adder.
The adder is heavily wounded.
The adder bites you but does no damage.
You barely miss the adder.
The adder is heavily wounded.
The adder bites you but does no damage.
You miss the adder.
The adder is heavily wounded.
The adder bites you.
You miss the adder.
The adder is heavily wounded.
The adder bites you.
You closely miss the adder.
The adder is heavily wounded.
The adder barely misses you. The adder bites you.
You closely miss the adder. Your headbutt misses the adder.
The adder is heavily wounded.
The adder bites you.
* * * LOW HITPOINT WARNING * * *
You miss the adder.
The adder is heavily wounded.
The adder completely misses you.
You hit the adder.
The adder is heavily wounded.
The adder barely misses you. The adder bites you.
* * * LOW HITPOINT WARNING * * *
Aiming: Spit Poison (2% risk of failure)
Press: ? - help, Shift-Dir - straight line, f/p - adder
Aim: an adder (heavily wounded, 37% to hit)
The splash of poison hits the adder.
The adder is poisoned.
The adder is severely wounded.
The adder bites you.
* * * LOW HITPOINT WARNING * * *
It was a potion of brilliance.
You feel clever all of a sudden. The adder bites you but does no damage.
You miss the adder. Your headbutt misses the adder.
The adder is almost dead.
The adder bites you.
You die...

#......#<# #...... ####
#......#.# #...... ...
#......#.#####.#####
####.########.#.......#####
............†..............
.........####.###..#.......
.........# #.........#####
.........##############
.........#@.......
.....(.#'#S#######
..........).....#
######..........#
##.........# #.....)...#
.....'##..... ......'#
..... .......## .....


You could see an adder (poisoned).

Vanquished Creatures
  An adder (D:2)
  A gnoll (D:1)
  A worm (D:2)
  3 bats (D:1)
  2 endoplasms (D:1)
  3 goblins
  A quokka (D:1)
  2 ball pythons (D:1)
  4 frilled lizards
  4 kobolds
  3 rats (D:1)
25 creatures vanquished.

Notes
Turn   | Place    | Note
-------+----------+-------------------------------------------
     0 | D:1      | Fartwhistle the Naga Transmuter began the quest for the
                  | Orb.
     0 | D:1      | Reached XP level 1. HP: 18/18 MP: 3/3
   136 | D:1      | Reached XP level 2. HP: 22/25 MP: 5/5
   544 | D:1      | Reached XP level 3. HP: 24/31 MP: 6/6
  1445 | D:2      | Learned a level 3 spell: Spider Form
  1705 | D:2      | Slain by an adder

Illustrated notes

Levels and vault maps discovered:
D:1:      dpeg_arrival_arbitrary_b, layout_basic
D:2:      layout_basic, shapermc_ecumenical_altar_mp_vishouse

Skill      XL: |  1  2 |
---------------+-------+-----
Transmutations | 3 |  3.3
Fighting       | |  1.0
Dodging        | |  1.5
Unarmed Combat | |  3.0
Spellcasting   | |  2.5
Poison Magic   | |  0.5

Action                   || total
-------------------------++-------
Melee: Unarmed           ||    65
       Headbutt          ||     5
       Punch             ||     2
 Cast: Beastly Appendage ||    15
 Abil: Spit Poison       ||    23
  Use: Potion            ||     1
Armor: Robe              ||    14
Dodge: Dodged            ||    29
